 Dungeon Crawl Stone Soup version 0.32-a0-18-g89e19f1974 (webtiles) character file.

Game seed: 11363162709533443940

7944 p00ps00p the Cleaver (level 11, -3/102 HPs)
             Began as a Hill Orc Fighter on Jan 16, 2024.
             Was an Initiate of Gozag.
             Slain by a yak (14 damage)
             ... on level 9 of the Dungeon on Jan 17, 2024.
             The game lasted 00:21:36 (7911 turns).

p00ps00p the Cleaver (Hill Orc Fighter)             Turns: 7911, Time: 00:21:37

Health: -3/102     AC:  8    Str: 24    XL:     11   Next: 23%
Magic:  11/11      EV: 10    Int: 12    God:    Gozag
Gold:   400        SH:  6    Dex: 10    Spells: 10/10 levels left

rFire   + + .        a - +2 war axe (venom)
rCold   + . .        e - +0 buckler
rNeg    . . .        i - +0 leather armour of the Bard {^Contam rF++ Regen+ Int+4}
rPois   .            f - +2 hat
rElec   .            u - scarf {repulsion}
rCorr   .            (no gloves)
SInv    +            k - +1 pair of boots
Will    .....        (no amulet)
Stlth   +            j - ring of see invisible
HPRegen 1.17/turn    g - ring of protection from cold
MPRegen 0.12/turn

%: repel missiles
@: gold aura
A: no striking features
a: Renounce Religion, Potion Petition, Call Merchant, Bribe Branch


You were on level 9 of the Dungeon.
You worshipped Gozag.
Gozag was aware of your devotion.
You visited 2 branches of the dungeon, and saw 10 of its levels.
You also visited: Sewer.

You collected 1339 gold pieces.
You spent 328 gold pieces at shops.
You paid 611 gold pieces to Gozag.

Inventory:

Hand Weapons
 a - a +2 war axe of venom (weapon)
 h - a +1 scimitar of flaming
 o - the +7 battleaxe "Jisu" {holy, SInv}
   (You acquired it on level 1 of the Dungeon)

   SInv:      It lets you see invisible.
Missiles
 r - 22 poisoned darts (quivered)
Armour
 b - a +0 scale mail
 e - a +0 buckler (worn)
 f - a +2 hat (worn)
 i - the +0 leather armour of the Bard (worn) {^Contam rF++ Regen+ Int+4}
   (You found it on level 2 of the Dungeon)

   Int+4:     It affects your intelligence (+4).
   rF++:      It greatly protects you from fire.
   ^Contam:   It causes magical contamination when unequipped.
   Regen+:    It increases your rate of health regeneration.
 k - a +1 pair of boots (worn)
 l - a +0 chain mail
 u - a scarf of repulsion (worn)
 w - a +0 plate armour
 E - the +2 helmet "Cuigoyxo" {^Contam +Blink rC+}
   (You bought it in a shop on level 8 of the Dungeon)

   rC+:       It protects you from cold.
   +Blink:    It lets you blink.
   ^Contam:   It causes magical contamination when unequipped.
Jewellery
 g - a ring of protection from cold (right hand)
 j - a ring of see invisible (left hand)
 p - a ring of flight
 x - a ring of fire
 B - a ring of magical power
 C - a ring of magical power
 D - a ring of protection from fire
 F - a ring of magical power
Wands
 c - a wand of charming (5)
 q - a wand of flame (36)
Scrolls
 m - 7 scrolls of teleportation
 t - a scroll of poison
 y - 2 scrolls of enchant armour
 z - a scroll of vulnerability
 G - a scroll of identify
 H - a scroll of fear
Potions
 d - 2 potions of might
 n - 2 potions of degeneration
 s - 2 potions of enlightenment
 v - 2 potions of cancellation
 A - 3 potions of attraction
 I - a potion of heal wounds {unknown}
 J - a potion of brilliance {unknown}


   Skills:
 + Level 11.2 Fighting
 + Level 11.7 Axes
 + Level 10.2 Armour
 + Level 9.2 Shields


You had 10 spell levels left.
You didn't know any spells.
Your spell library contained the following spells:

 Spells                   Type           Power      Damage    Failure   Level
 Apportation              Tloc           0%         N/A       38%         1
 Necrotise                Necr           0%         1d4       38%         1
 Sting                    Conj/Alch      0%         1d3       38%         1
 Summon Small Mammal      Summ           0%         N/A       38%         1
 Blink                    Tloc           0%         N/A       54%         2
 Lesser Beckoning         Tloc           0%         N/A       54%         2
 Momentum Strike          Conj/Tloc      0%         3d8       54%         2


Dungeon Overview and Level Annotations

Branches:
Dungeon (9/15)             Temple (1/1) D:6            Lair (0/5) D:8
  Sewer (visited)
    Orc: D:9-12

Altars:
Cheibriados
Elyvilon
Fedhas
Gozag
Hepliaklqana
Kikubaaqudgha
Makhleb
Nemelex Xobeh
Okawaru
Qazlal
Ru
Sif Muna
Trog
Uskayaw
Vehumet
Wu Jian
Xom
Yredelemnul
Zin
The Shining One

Shops:
D:2 (   D:8 [

Annotations:
D:9 1 runed translucent door, hito's ghost, journeyman DjGl


Message History

Unknown command.
You are too injured to fight recklessly!
Unknown command.
You are too injured to fight recklessly!
Unknown command.
You are too injured to fight recklessly!
Unknown command.
You are too injured to fight recklessly!
Unknown command.
You slash the yak!
The yak is heavily wounded.
You hit the yak.
The yak is poisoned.
The yak barely misses you. The yak completely misses you.
You closely miss the yak.
The yak is heavily wounded.
You slash the yak!
The yak looks as sick as possible!
The yak gores you. The yak closely misses you.
You slash the yak!
The yak is poisoned.
The yak is severely wounded.
You hit the yak but do no damage. The yak barely misses you. The yak gores you!
You hit the yak but do no damage.
The yak looks as sick as possible!
The yak is severely wounded.
You hit the yak but do no damage.
The yak looks as sick as possible!
The yak gores you!
* * * LOW HITPOINT WARNING * * *
The yak gores you!
* * * LOW HITPOINT WARNING * * *
You hit the yak.
The yak looks as sick as possible!
The yak is almost dead.
You hit the yak but do no damage.
The yak looks as sick as possible!
The yak closely misses you. The yak gores you!
* * * LOW HITPOINT WARNING * * *
You hit the yak but do no damage.
The yak looks as sick as possible!
The yak is almost dead.
You slash the yak!
The yak is poisoned.
You hit the yak.
The yak looks as sick as possible!
You kill the yak!
The yak gores you!
You die...
Your body crumbles into a pile of gold.

#######################
##......................
........................
........................
......Y..........)).....
#..$@.........)......
#..Y.$.........###...
#....$.....##### #...
#....$.....# #.##
#........#+# #.#.
#........# #.#.
#........# #.#.
..........# #.#.
#######.........# #.#.


You could see 2 yaks.

Vanquished Creatures
  Erica (D:8)
  Maurice (D:8)
  Maggie (D:8)
  A komodo dragon (D:8)
  A shadow (D:6)
  10 yaks
  A steam dragon (D:7)
  Menkaure (D:5)
  2 vampire mosquitoes (D:9)
  Edmund (D:5)
  A water moccasin (D:8)
  3 black bears
  2 orc warriors
  3 ice beasts
  3 ogres
  2 sky beasts
  4 centaurs
  A crocodile (Sewer)
  A kobold brigand (D:9)
  2 phantoms (D:6)
  A brain worm (Sewer)
  3 bullfrogs
  A scorpion (D:7)
  15 wights
  4 howler monkeys
  3 bombardier beetles
  A crimson imp (D:3)
  6 hounds
  5 orc priests
  3 jellies
  A gnoll bouda (D:7)
  2 sleepcaps
  Natasha (twice) (D:3)
  2 iguanas
  8 orc wizards
  4 gnolls (D:7)
  10 adders
  7 river rats
  2 white imps
  2 ufetubi (D:6)
  5 dart slugs
  3 ribbon worms
  19 orcs
  5 endoplasms
  5 giant cockroaches
  4 goblins
  A hobgoblin (D:2)
  2 jackals
  7 quokkas
  9 ball pythons
  4 bats
  6 frilled lizards
  A goblin zombie (D:3)
  A hobgoblin zombie (D:3)
  13 kobolds
  A kobold skeleton (D:3)
  4 kobold zombies (D:3)
  3 orc skeletons (D:3)
  2 orc zombies (D:3)
  10 rats
  A spectral orc (D:4)
230 creatures vanquished.

Notes
Turn   | Place    | Note
-------+----------+-------------------------------------------
     0 | D:1      | p00ps00p the Hill Orc Fighter began the quest for the Orb.
     0 | D:1      | Reached XP level 1. HP: 19/19 MP: 1/1
   168 | D:1      | Reached XP level 2. HP: 24/27 MP: 2/2
   526 | D:1      | Identified a scroll of acquirement
   526 | D:1      | Acquired the +7 battleaxe "Jisu" {holy, SInv}
   566 | D:2      | Found Abicauwisu's Weapon Shoppe.
   663 | D:2      | Reached XP level 3. HP: 33/33 MP: 3/3
   795 | D:2      | Identified the +0 leather armour of the Bard {^Contam rF++
                  | Regen+ Int+4}
  1001 | D:2      | Found a hide-covered altar of Uskayaw.
  1261 | D:3      | Found a faded altar of an unknown god.
  1281 | D:3      | Reached XP level 4. HP: 40/40 MP: 4/4
  1282 | D:3      | Found a glowing golden altar of the Shining One.
  1369 | D:3      | Noticed Natasha
  1387 | D:3      | Killed Natasha
  1388 | D:3      | Reached XP level 5. HP: 32/47 MP: 5/5
  1571 | D:3      | Noticed Natasha
  1577 | D:3      | Killed Natasha
  1660 | D:4      | Reached skill level 5 in Fighting
  1660 | D:4      | Reached XP level 6. HP: 41/56 MP: 6/6
  2297 | D:4      | Found a hazy altar of Hepliaklqana.
  2447 | D:5      | Entered Level 5 of the Dungeon
  2493 | D:5      | Noticed a black bear
  2497 | D:5      | Killed a black bear
  2498 | D:5      | Reached skill level 5 in Axes
  2504 | D:5      | Reached skill level 5 in Armour
  2504 | D:5      | Reached skill level 5 in Shields
  2524 | D:5      | Reached XP level 7. HP: 34/62 MP: 7/7
  2649 | D:5      | Noticed Edmund
  2658 | D:5      | Killed Edmund
  2712 | D:5      | Found a glowing drain.
  2736 | Sewer    | Entered a sewer
  2876 | Sewer    | Reached XP level 8. HP: 64/71 MP: 8/8
  3308 | D:5      | Noticed Menkaure
  3314 | D:5      | Killed Menkaure
  3981 | D:6      | Found a staircase to the Ecumenical Temple.
  4001 | Temple   | Found a transporter.
  4001 | Temple   | Found a transporter.
  4001 | Temple   | Found a transporter.
  4001 | Temple   | Found a transporter.
  4001 | Temple   | Entered the Ecumenical Temple
  4021 | Temple   | Became a worshipper of Gozag Ym Sagoz the Greedy
  4143 | D:6      | Noticed a shadow
  4152 | D:6      | Killed a shadow
  4153 | D:6      | Reached XP level 9. HP: 67/81 MP: 9/9
  4757 | D:8      | Noticed Erica
  4789 | D:8      | Killed Erica
  4819 | D:8      | Reached XP level 10. HP: 58/91 MP: 10/10
  4935 | D:8      | Reached skill level 10 in Axes
  5078 | D:8      | Reached skill level 10 in Fighting
  5358 | D:7      | Noticed Maurice
  5365 | D:7      | Something stole the +7 battleaxe "Jisu" {holy, SInv}
  5368 | D:7      | Something stole a ring of magical power
  5368 | D:7      | Something stole 4 poisoned darts
  6251 | D:7      | Found a radiant altar of Vehumet.
  6283 | D:7      | Found a bloodstained altar of Trog.
  6353 | D:7      | Found a basalt altar of Yredelemnul.
  6547 | D:8      | Found a staircase to the Lair.
  6753 | D:8      | Noticed Maggie
  6767 | D:8      | Killed Maggie
  6768 | D:8      | Reached XP level 11. HP: 81/101 MP: 11/11
  6906 | D:8      | Maurice stole 187 gold
  6907 | D:8      | Maurice stole 431 gold
  6910 | D:8      | Maurice stole 400 gold
  6926 | D:8      | Killed Maurice
  6927 | D:8      | Reached skill level 10 in Armour
  7252 | D:8      | Bought the +2 helmet "Cuigoyxo" {^Contam +Blink rC+} for
                  | 328 gold pieces
  7565 | D:9      | Found a runed translucent door.
  7566 | D:9      | Found a shimmering altar of Xom.
  7566 | D:9      | Noticed hito's ghost (journeyman DjGl)
  7566 | D:9      | Noticed a +2 trident of chaos
  7911 | D:9      | Slain by a yak

Illustrated notes

Levels and vault maps discovered:
D:1:      eino_arrival_druids_welcome, layout_rooms
D:2:      layout_loops_ring, serial_shops, nicolae_shop_hallway_plus,
          basic_altar
D:3:      layout_basic, nicolae_tso_besieged_by_evil,
          dreamdust_ecumenical_altar_statues, minivault_14, uniq_natasha,
          uniq_terence
D:4:      layout_loops_ring, nicolae_hepliaklqana_monster_ancestors,
          hangedman_decor_slide_cut, chequers_garden
D:5:      layout_loops_corners, portal_sewer_entry_c,
          kennysheep_generic_room_16, uniq_menkaure, uniq_edmund
D:6:      layout_loops_cross, minmay_temple_entry_glass
D:7:      minmay_spotlight, layout_gridville,
          mainiacjoe_overflow_large_starburst, mainiacjoe_overflow_boulevard,
          minmay_holes, nicolae_concentric_dashed_squares_mild, grunt_decor_cap,
          uniq_joseph, uniq_maurice
D:8:      layout_cave_pods, grunt_lair_entry_orc_guard_hut,
          amcnicky_mini_corridor_feature, lightli_orcish_oven, uniq_maggie,
          uniq_erica
D:9:      layout_irregular_city, ebering_ghost_xom
Temple:   hellmonk_temple_divided_pantheon

Skill      XL: |  1  2  3  4  5  6  7  8  9 10 11 |
---------------+----------------------------------+-----
Axes           | 3 4 5 6 8 9 11 | 11.7
Fighting       | 4 5 6 8 9 10 11 | 11.2
Armour         | 4 5 7 8 9 10 | 10.2
Shields        | 4 5 7 8 9 |  9.2

Action                     |  1- 3 |  4- 6 |  7- 9 | 10-12 || total
---------------------------+-------+-------+-------+-------++-------
  Melee: War axe           |    55 |       |    45 |   259 ||   359
         Battleaxe         |    37 |    92 |   149 |       ||   278
  Throw: Dart              |       |       |     4 |       ||     4
 Invoke: Call Merchant     |       |       |       |     1 ||     1
  Evoke: Wand              |       |       |    10 |     2 ||    12
    Use: Scroll            |     5 |     3 |    11 |     3 ||    22
         Potion            |       |       |     2 |       ||     2
   Stab: Distracted        |       |       |     1 |     2 ||     3
 Armour: Scale mail        |    53 |       |       |       ||    53
         Leather armour    |    10 |    74 |   134 |   206 ||   424
  Dodge: Dodged            |    39 |    54 |   112 |   133 ||   338
         Repelled          |       |       |     2 |     5 ||     7
  Block: Buckler           |    12 |       |    12 |    79 ||   103

Table legend: (Time is in decaauts)
 A = Elapsed time spent in this place.
 B = Non-inter-level travel time spent in this place.
 C = Inter-level travel time spent in this place.
 D = Time resting spent in this place.
 E = Time spent auto-exploring this place.
 F = Levels seen in this place.
 G = Mean time per level.
                   A        B        C        D        E       F      G
               +--------+--------+--------+--------+--------+-----+--------+
         Total |   8049 |   7790 |    259 |    707 |   5138 |  11 |  731.7 |
       Dungeon |   7484 |   7239 |    245 |    707 |   4805 |   9 |  831.6 |
        Temple |     39 |     25 |     14 |      0 |      0 |   1 |   39.0 |
         Sewer |    525 |    525 |      0 |      0 |    333 |   1 |  525.0 |
               +--------+--------+--------+--------+--------+-----+--------+

Top non-repeatable levels by time:
     D:8: 1359 daAuts
     D:7: 1310 daAuts
     D:5: 953 daAuts
     D:4: 863 daAuts
     D:6: 711 daAuts
     D:2: 650 daAuts
     D:9: 618 daAuts
     D:1: 586 daAuts
   Sewer: 525 daAuts
     D:3: 431 daAuts
  Temple: 39 daAuts
